 Dungeon Crawl Stone Soup version 0.28.0-1-gb440e238dd (webtiles) character file.

Game seed: 16700501055755462643

34 Woods the Caller (level 3, -11/14 HPs)
             Began as a Felid Summoner on Feb 25, 2022.
             Killed from afar by Ijyb (14 damage)
             ... with an iceblast
             ... on level 3 of the Dungeon.
             The game lasted 00:04:08 (3196 turns).

Woods the Caller (Felid Summoner)                   Turns: 3196, Time: 00:04:09

Health: -11/14     AC:  1    Str:  4    XL:     3   Next: 14%
Magic:  2/8        EV: 18    Int: 18    God:
Gold:   85         SH:  0    Dex: 16    Spells: 4/7 levels left
                                        Lives:  0   Deaths: 1

rFire   . . .      SeeInvis +   (weapon unavailable)
rCold   . . .      Faith    .   (shield unavailable)
rNeg    . . .      Spirit   .   (armour unavailable)
rPois   .          Reflect  .   (helmet unavailable)
rElec   .          Harm     .   (cloak unavailable)
rCorr   .          Rampage  .   (gloves unavailable)
Will    .....                   (boots unavailable)
Stlth   +++.......              (no amulet)
HPRegen 0.04/turn               (no ring)
MPRegen 0.11/turn               (no ring)

@: quick
A: very small, claws 1, fangs 3, see invisible, speed 1, shaggy fur 1, stealthy
paws, no weapons or thrown items, no armour, multi-lived
a: no special abilities


You were on level 3 of the Dungeon.
You visited 1 branch of the dungeon, and saw 3 of its levels.

You collected 85 gold pieces.

Inventory:

Jewellery
 d - an amulet of guardian spirit
Scrolls
 a - 4 scrolls of teleportation {unknown}
 b - 2 scrolls of identify {unknown}
 e - a scroll of enchant armour {unknown}
Potions
 c - a potion of cancellation {unknown}
 f - a potion of resistance {unknown}
 g - a potion of curing {unknown}


   Skills:
 + Level 3.7 Dodging
 + Level 3.9 Stealth
 + Level 2.6 Spellcasting
 + Level 4.4 Summonings


You had 4 spell levels left.
You knew the following spells:

 Your Spells              Type           Power      Damage    Failure   Level
a - Summon Small Mammal   Summ           72%        N/A       2%          1
b - Call Imp              Summ           18%        N/A       4%          2

Your spell library contained the following spells:

 Spells                   Type           Power      Damage    Failure   Level
 Call Canine Familiar     Summ           18%        N/A       9%          3
 Summon Guardian Golem    Hex/Summ       10%        N/A       21%         3
 Summon Lightning Spire   Summ/Air       10%        N/A       56%         4


Dungeon Overview and Level Annotations

Branches:
Dungeon (3/15)

Altars:
Xom

Annotations:
D:3 Ijyb


Innate Abilities, Weirdness & Mutations

You have sharp claws.
You have razor-sharp teeth.
You have supernaturally acute eyesight. (SInv)
You cover ground quickly. (Speed+)
You are covered in fur. (AC +1)
Your paws help you pounce on unaware monsters.
You are incapable of wielding weapons or throwing items.
You cannot wear armour.
You gain extra lives every three experience levels.


Message History

Ijyb screams, "I cut your head off!" Ijyb barely misses your quokka.
Your crimson imp barely misses Ijyb.
Your bat misses Ijyb. Your bat hits Ijyb but does no damage.
Your quokka bites Ijyb.
Ijyb misses your quokka.
Your crimson imp hits Ijyb but does no damage.
Your bat closely misses Ijyb.
Your bat hits Ijyb.
Your quokka bites Ijyb.
Ijyb hits your quokka with a +0 club.
Your crimson imp closely misses Ijyb.
Your quokka closely misses Ijyb.
Your bat misses Ijyb. Ijyb hits your quokka with a +0 club.
Your quokka dies!
Your quokka's corpse disappears in a puff of smoke!
Your crimson imp misses Ijyb.
Casting: Summon Small Mammal (safe; 2% risk of failure)
Confirm with . or Enter, or press ? or * to list all spells.
Your bat closely misses Ijyb.
Your crimson imp blinks!
Your bat hits Ijyb.
Your quokka closely misses Ijyb.
Your bat barely misses Ijyb. x2; Your quokka misses Ijyb.
Your bat hits Ijyb but does no damage. Ijyb barely misses your quokka.
Your crimson imp blinks!
Your bat misses Ijyb. Your quokka misses Ijyb. Ijyb misses your quokka.
Your quokka bites Ijyb but does no damage.
Your crimson imp disappears in a puff of smoke!
Your bat closely misses Ijyb.
Ijyb barely misses your quokka.
Your quokka bites Ijyb but does no damage.
Your bat closely misses Ijyb.
Ijyb screams, "No!
No, no, no, no!"
Ijyb hits your quokka with a +0 club.
Your quokka closely misses Ijyb.
Your bat completely misses Ijyb.
Your quokka closely misses Ijyb.
Ijyb hits your quokka with a +0 club.
Your quokka dies!
Your quokka's corpse disappears in a puff of smoke!
Casting: Summon Small Mammal (safe; 2% risk of failure)
Confirm with . or Enter, or press ? or * to list all spells.
A beastly little devil appears in a puff of frigid air.
Your bat hits Ijyb but does no damage.
Ijyb zaps a wand.
The mass of ice explodes!
The iceblast engulfs you!
Ouch! That really hurt!
You die...

#.. ... #.#
#.# #.#
#.####
#######..@5#
#.......b..#
#.#####..g.#
##....##
#.....######
##...........
##.#########
#.# #.#


You could see Ijyb (ally target), a friendly white imp (summoned) and a friendly
bat (summoned).

Vanquished Creatures
  An orc (D:3)
  2 ball pythons
  3 endoplasms
  A giant cockroach (D:1)
  A hobgoblin (D:3)
  A kobold (D:2)
  2 bats
  4 goblins
  2 rats
17 creatures vanquished.

Vanquished Creatures (collateral kills)
  An adder (D:3)
  2 worms (D:2)
  A dart slug (D:1)
  An orc (D:3)
  3 endoplasms
  7 goblins
  2 hobgoblins (D:1)
  2 quokkas
  3 ball pythons (D:1)
  4 bats
  3 frilled lizards
  4 kobolds
  7 rats (D:1)
40 creatures vanquished.

Grand Total: 57 creatures vanquished

Notes
Turn   | Place    | Note
-------+----------+-------------------------------------------
     0 | D:1      | Woods the Felid Summoner began the quest for the Orb.
     0 | D:1      | Reached XP level 1. HP: 7/7 MP: 4/4
   375 | D:1      | Found a faded altar of an unknown god.
   382 | D:1      | Reached XP level 2. HP: 11/11 MP: 3/6
   582 | D:1      | Learned a level 2 spell: Call Imp
   990 | D:1      | Reached XP level 3. HP: 7/14 MP: 5/7
  1773 | D:2      | Found a shimmering altar of Xom.
  2626 | D:3      | Reached XP level 4. HP: 18/18 MP: 3/8
  2720 | D:3      | Killed from afar by an orc priest
  2721 | D:3      | Reached XP level 3. HP: -8/14 MP: 3/8
  3167 | D:3      | Noticed Ijyb
  3196 | D:3      | Killed from afar by Ijyb

Illustrated notes

Levels and vault maps discovered:
D:1:      dpeg_arrival_ratfight, layout_rooms,
          dreamdust_ecumenical_altar_statues, hangedman_decor_diamond_cutter
D:2:      layout_rooms, basic_altar, minmay_puff
D:3:      layout_loops_corners, uniq_ijyb

Skill      XL: |  1 |
---------------+----+-----
Stealth        | 3 |  3.9
Dodging        | 3 |  3.7
Spellcasting   | |  2.6
Summonings     | |  4.4

Action                   |  1- 3 |  4- 6 || total
-------------------------+-------+-------++-------
Melee: Unarmed           |    67 |     2 ||    69
       Bite              |    11 |       ||    11
 Cast: Summon Small Mamm |    55 |     4 ||    59
       Call Imp          |    22 |     2 ||    24
 Stab: Sleeping          |     2 |       ||     2
       Distracted        |       |     1 ||     1
Armor: Skin              |     4 |       ||     4
Dodge: Dodged            |    64 |     1 ||    65
